Map: Inferno Pools (Void)

Players

LeftHandrew

  • Race: Terran Terran

Manderda - Winner!

  • Race: Zerg Zerg

VOD

Have the link to the VOD?

Description

Time

  • Played on: May 6, 2015, 2:08 p.m.
  • Length: 20:53
Show
View Real Time Build Order
Export as new Build Order

LeftHandrew Terran 

Build Orders: Reaper Expand, Hellion Banshee, Mech 

Get SALT Encoding   

  12  0:02  SCV  
  13  0:14  SCV  
  13  0:18  Supply Depot  
  14  0:26  SCV  
  15  0:39  SCV  
  16  0:43  Barracks  
  16  0:49  Refinery  
  16  0:52  SCV  
  17  1:04  SCV  
  18  1:18  SCV  
  19  1:30  Orbital Command  
  19  1:31  Reaper  
  20  1:42  Command Center  
  20  1:56  SCV  
  20  2:08  Barracks Reactor, SCV  
  21  2:20  SCV  
  21  2:21  Supply Depot  
  22  2:26  Factory  
  22  2:33  SCV  
  23  2:44  Marine x2  
  23  2:45  SCV  
  26  2:57  Command Center, SCV  
  27  3:05  Orbital Command  
  27  3:09  SCV  
  28  3:21  SCV  
  28  3:26  Refinery  
  29  3:30  Hellion x2  
  29  3:33  SCV x2  
  35  3:35  Barracks Tech Lab  
  35  3:39  Starport  
  35  3:45  SCV x2  
  37  3:49  Supply Depot  
  37  3:56  Hellion  
  37  3:57  SCV, Hellion  
  37  3:58  SCV  
  43  4:09  SCV  
  43  4:10  SCV  
  43  4:16  Orbital Command  
  43  4:22  SCV x2  
  45  4:25  Refinery  
  45  4:27  Refinery  
  45  4:33  Supply Depot x2  
  45  4:36  Supply Depot  
  45  4:41  Hellion x2  
  49  4:47  Cloaking Field  
  49  4:48  Banshee  
  52  4:54  SCV x3  
  55  5:02  Hellion x2  
  55  5:03  Supply Depot  
  55  5:06  SCV x2  
  61  5:12  SCV  
  62  5:18  SCV  
  63  5:22  Armory  
  63  5:23  SCV, Hellion  
  63  5:24  SCV, Hellion  
  63  5:25  Armory  
  69  5:31  Banshee  
  72  5:40  SCV x3  
  75  5:45  Hellion x2  
  75  5:46  Engineering Bay  
  75  5:52  SCV  
  76  5:57  SCV  
  76  5:58  SCV  
  77  6:04  SCV  
  77  6:09  SCV  
  77  6:17  Hellbat x2  
  77  6:18  Terran Vehicle And Ship Armor Level 1, Terran Vehicle and Ship Weapons Level 1  
  81  6:20  Banshee, Barracks Tech Lab  
  70  6:25  Factory  
  70  6:26  SCV  
  70  6:27  SCV x2, Factory  
  70  6:28  Factory  
  73  6:38  SCV, Hellbat x2  
  78  6:58  Orbital Command  
  78  7:00  SCV x2  
  80  7:06  Command Center  
  77  7:12  SCV x2  
  79  7:16  Factory Tech Lab  
  79  7:27  Factory, Starport Reactor  
  79  7:29  Starport Tech Lab  
  79  7:33  Barracks Reactor, Siege Tank x2  
  79  7:34  SCV x3  
  88  7:39  Refinery  
  85  7:46  SCV  
  86  7:55  Refinery  
  86  8:01  Command Center  
  86  8:02  Thor  
  86  8:03  Hellbat  
  86  8:04  Hellbat  
  96  8:07  Raven  
  96  8:11  Siege Tank  
  101  8:16  Terran Vehicle and Ship Weapons Level 2  
  101  8:17  Thor  
  107  8:24  Supply Depot  
  107  8:25  Supply Depot, Hellbat x2  
  111  8:27  Terran Vehicle And Ship Armor Level 2  
  111  8:45  Thor  
  111  8:46  Hellbat x2  
  118  8:54  Thor  
  123  9:07  Missile Turret x2, Hellbat  
  123  9:08  Missile Turret, Hellbat  
  127  9:11  Hellbat x2  
  127  9:12  Thor  
  127  9:14  Orbital Command  
  137  9:20  Command Center  
  137  9:25  Supply Depot  
  137  9:28  Supply Depot x2  
  137  9:29  Hellbat x2  
  141  9:32  Hellbat x2  
  145  9:49  Thor, Siege Tank  
  145  9:50  Hellbat  
  145  9:51  Hellbat  
  158  9:54  Hellbat  
  158  9:55  Siege Tank  
  145  10:06  Missile Turret  
  145  10:07  Refinery, Missile Turret  
  122  10:09  Missile Turret  
  122  10:10  Refinery  
  122  10:11  Hellbat  
  122  10:12  Hellbat  
  120  10:21  Thor  
  123  10:25  Hellbat x2  
  123  10:28  Siege Tank  
  128  10:31  Thor  
  128  10:32  Hellbat  
  128  10:33  Hellbat  
  125  10:38  Planetary Fortress  
  116  10:44  Refinery  
  116  10:46  SCV x3, Hellbat  
  113  10:51  Hellbat  
  113  10:54  Hellbat  
  115  11:00  Siege Tank  
  118  11:07  Refinery  
  114  11:30  Siege Tank  
  114  11:31  Siege Tank  
  114  11:32  Siege Tank  
  123  11:33  Hellbat x4  
  122  11:54  Hellbat x2  
  122  11:55  Hellbat  
  122  11:57  SCV  
  122  12:00  SCV  
  120  12:02  SCV  
  120  12:03  Siege Tank  
  124  12:09  SCV  
  124  12:11  Siege Tank  
  124  12:12  SCV, Siege Tank, Hellbat  
  124  12:14  SCV  
  135  12:16  Hellbat x3  
  135  12:21  SCV  
  142  12:26  SCV  
  143  12:34  Hellbat  
  107  12:51  Refinery  
  107  12:52  Refinery  
  107  12:53  SCV x3  
  107  12:56  Planetary Fortress  
  89  13:05  Siege Tank x3  
  86  13:16  SCV x2  
  86  13:17  SCV x3  
  91  13:28  SCV  
  91  13:31  Hellion x4  
  97  13:37  Armory, Siege Tank x2  
  103  13:46  SCV x5  
  103  13:47  SCV  
  107  13:52  Hellion  
  107  13:53  Hellion x3  
  107  13:54  Siege Tank  
  115  13:58  SCV x2  
  117  14:09  Siege Tank x2  
  119  14:14  Hellion  
  93  14:25  SCV x5  
  93  14:26  Siege Tank  
  93  14:31  Hellbat x3  
  107  14:33  Banshee  
  107  14:35  Hellbat  
  108  14:41  Siege Tank x2  
  112  14:48  Command Center  
  112  14:58  Thor  
  112  15:07  Hellbat x4  
  104  15:13  Siege Tank  
  107  15:16  Banshee  
  98  15:29  Siege Tank  
  98  15:31  Hellbat x2  
  98  15:32  Hellbat x2  
  99  15:40  Thor  
  103  15:45  Siege Tank  
  106  15:53  Hellbat  
  108  16:01  Hellbat x3  
  108  16:02  Siege Tank  
  117  16:14  Hellbat  
  117  16:17  Banshee, Siege Tank  
  125  16:22  Hellbat x2  
  125  16:23  Thor, Hellbat  
  125  16:24  Fusion Core  
  137  16:30  SCV x4  
  141  16:34  Siege Tank  
  144  16:42  Hellbat  
  144  16:44  Hellbat x2  
  150  16:48  Planetary Fortress  
  150  16:49  Siege Tank  
  147  17:00  Banshee  
  145  17:06  Siege Tank  
  139  17:12  Siege Tank  
  139  17:13  Hellbat x3  
  139  17:14  Hellbat  
  150  17:21  Thor  
  123  17:35  Hellbat x4  
  131  17:38  Siege Tank  
  133  17:44  Thor  
  125  17:54  Command Center  
  125  17:56  Hellbat x2  
  123  18:04  Command Center, Siege Tank  
  120  18:09  Terran Vehicle and Ship Weapons Level 3  
  120  18:10  Thor  
  120  18:11  Hellbat x2  
  120  18:12  Infernal Pre-Igniter  
  130  18:17  Hellbat x2  
  134  18:27  Siege Tank  
  134  18:31  Refinery  
  134  18:32  Refinery  
  134  18:36  Thor  
  140  18:53  Siege Tank  
  143  18:59  Thor  
  149  19:02  Refinery  
  130  19:17  Raven  
  130  19:19  Siege Tank  
  130  19:23  Hellbat  
  119  19:25  Thor  
  119  19:31  Hellbat  
  91  19:42  Siege Tank  
  92  19:51  Siege Tank  
  77  20:00  Raven  
  77  20:04  Hellbat x2  
  83  20:08  Siege Tank  
  86  20:18  Refinery  
  65  20:35  Refinery  
  65  20:39  Refinery  
Show
View Real Time Build Order
Export as new Build Order

Manderda Zerg - Winner!

Build Orders: Hatch First, Roach Hydra Ravager 

Get SALT Encoding   

  12  0:09  Overlord  
  13  0:14  Drone  
  13  0:19  Drone  
  14  0:27  Drone  
  15  0:31  Drone  
  16  0:42  Drone  
  17  0:55  Hatchery  
  16  1:00  Drone  
  17  1:07  Drone  
  18  1:14  Spawning Pool  
  18  1:18  Drone  
  18  1:25  Overlord  
  18  1:38  Drone  
  19  1:53  Drone  
  20  2:03  Drone  
  20  2:05  Queen  
  20  2:07  Queen  
  25  2:08  Overlord  
  25  2:10  Zergling x2  
  25  2:14  Spine Crawler  
  24  2:22  Drone x2  
  26  2:35  Drone x2  
  28  2:40  Drone x2, Queen  
  32  2:46  Queen  
  32  2:50  Drone  
  35  2:53  Overlord  
  35  3:01  Zergling x2  
  36  3:05  Drone  
  37  3:20  Drone x3  
  40  3:27  Drone x7  
  47  3:37  Overlord  
  47  3:53  Drone x5  
  52  3:56  Extractor x2  
  52  3:58  Extractor  
  52  4:01  Extractor  
  48  4:04  Drone x6  
  54  4:15  Hatchery  
  52  4:23  Drone x2  
  54  4:43  Lair, Metabolic Boost  
  54  4:49  Evolution Chamber  
  54  4:50  Evolution Chamber, Drone x3  
  54  4:51  Roach Warren  
  54  4:59  Zergling x8  
  59  5:00  Zergling x2  
  59  5:02  Overlord x4  
  59  5:15  Zerg Missile Weapons Level 1  
  59  5:16  Zerg Ground Armor Level 1  
  59  5:27  Queen  
  55  5:39  Roach  
  55  5:40  Roach x6  
  69  5:44  Glial Reconstitution  
  69  5:49  Infestation Pit  
  67  6:13  Overseer  
  65  6:27  Queen  
  67  6:33  Spore Crawler  
  67  6:36  Burrow  
  64  6:49  Drone x3  
  65  6:56  Drone x18  
  65  6:57  Ravager x3  
  86  7:02  Spore Crawler  
  86  7:03  Queen  
  87  7:10  Overlord  
  87  7:11  Overlord x3  
  87  7:12  Extractor  
  87  7:13  Extractor  
  97  7:33  Overlord x3  
  97  7:36  Zerg Missile Weapons Level 2  
  97  7:41  Hatchery  
  96  8:00  Roach x12  
  120  8:06  Hive  
  120  8:11  Zerg Ground Armor Level 2  
  120  8:21  Overseer  
  120  8:26  Hydralisk Den  
  119  8:54  Roach x2  
  119  8:55  Roach x17  
  157  8:59  Muscular Augments  
  157  9:09  Drone x2  
  159  9:14  Spine Crawler  
  158  9:19  Spore Crawler  
  158  9:20  Spine Crawler  
  158  9:21  Hydralisk  
  158  9:22  Hydralisk  
  160  9:24  Overlord  
  160  9:26  Overlord  
  160  9:50  Pneumatized Carapace  
  160  9:52  Extractor  
  160  9:53  Extractor  
  131  10:10  Hydralisk  
  131  10:11  Hydralisk x15  
  127  10:38  Roach x10  
  127  10:39  Roach  
  129  10:51  Roach  
  129  10:52  Roach x4  
  139  11:00  Drone x5  
  144  11:08  Zerg Missile Weapons Level 3  
  144  11:20  Roach x4  
  144  11:25  Overlord  
  152  11:26  Overseer  
  152  11:28  Overseer  
  152  11:52  Roach  
  152  11:53  Roach x11  
  176  11:57  Overlord  
  176  12:12  Zerg Ground Armor Level 3  
  176  12:40  Roach x7  
  176  12:42  Roach x7  
  171  12:45  Ravager  
  171  12:50  Roach x8  
  171  12:51  Roach x14  
  164  12:52  Roach x7  
  140  13:03  Roach  
  140  13:04  Roach x5  
  135  13:28  Roach x2  
  135  13:33  Roach x2  
  129  13:35  Roach x10  
  129  13:36  Roach  
  129  13:39  Ravager x3  
  129  13:40  Ravager x2  
  143  13:54  Ravager x2  
  143  13:55  Ravager x5  
  135  14:30  Roach  
  135  14:31  Lurker Den, Roach x12  
  159  14:32  Ravager  
  160  14:47  Zerg Melee Weapons Level 1  
  160  14:58  Roach x13  
  144  15:03  Hatchery  
  129  15:09  Roach x9  
  139  15:27  Hydralisk  
  139  15:28  Hydralisk x5  
  117  15:49  Ravager x5  
  122  16:08  Hydralisk x12  
  146  16:12  Lurker  
  146  16:13  Lurker  
  148  16:26  Roach x7  
  162  16:34  Ultralisk Cavern  
  135  17:37  Roach  
  135  17:38  Roach x19  
  153  17:53  Roach x4  
  151  18:04  Spore Crawler, Queen  
  146  18:07  Spore Crawler  
  145  18:15  Ultralisk x2  
  145  18:16  Ultralisk x4  
  145  18:17  Chitinous Plating  
  177  18:33  Drone x3  
  179  18:49  Ravager x2  
  179  18:53  Hatchery x2  
  179  18:57  Extractor x2  
  177  19:07  Zergling x18  
  177  19:08  Zergling x8  
  136  19:47  Zergling x30  
  151  20:11  Zergling x12  
  151  20:12  Roach x16  
  157  20:17  Extractor  
  157  20:20  Extractor  
  145  20:36  Zergling x2  
Tags
 
Add a new tag
Caveats
  • Supply blocks, unpowered buildings, or Contaminate may cause inaccurate times.
  • Supply counts are checked every 10 seconds.